General information
- name: BNet
- type: Ladder team game (AT/RT)
- host: Battle.net
- saver: TIMG4STRok
map: TwistedMeadows
- players: 4
- length: 11:09
- speed: Fast
- version: 1.23 W3XP
- replay type:

» download(65 KB)
Players
team 1 (winner)

»
Rush[yyz] (
teal | 91 APM | 1010 actions | 11:09)
4 Blademaster
2 Wind Walk
2 Critical Strike
2 Shadow Hunter
1 Hex
1 Healing Wave
» actions
| Assign group hotkey | 30 | |
| Basic commands | 18 | |
| Build / train | 31 | |
| Enter build submenu | 12 | |
| Enter hero's abilities submenu | 6 | |
| Give item / drop item | 1 | |
| Remove unit from queue | 1 | |
| Right click | 405 | |
| Select / deselect | 143 | |
| Select group hotkey | 318 | |
| Use ability | 45 | |
1010 total
» units
» upgrades
» buildings
| Altar of Storms | 1 | |
| Orc Burrow | 4 | |
| Barracks | 1 | |
| Stronghold | 1 | |
| Voodoo Lounge | 2 | |
| War Mill | 1 | |
| Beastiary | 2 | |
| Fortress | 1 | |
13 total
» build order
00:08 Altar of Storms
00:19 Orc Burrow
00:34 Barracks
01:39 Orc Burrow
03:30 Orc Burrow
04:12 Stronghold
04:15 Voodoo Lounge
04:22 Voodoo Lounge
05:39 War Mill
06:52 Beastiary
06:54 Beastiary
07:34 Fortress
08:11 Orc Burrow
» items
| Circlet of Nobility | 2 | |
| Healing Salve | 1 | |
| Lesser Clarity Potion | 1 | |
4 total

»
TIMG4STRok (
blue | 155 APM | 1730 actions | 11:09)
4 Blademaster
2 Wind Walk
2 Critical Strike
3 Shadow Hunter
1 Hex
2 Healing Wave
» actions
| Assign group hotkey | 16 | |
| Basic commands | 54 | |
| Build / train | 39 | |
| Enter build submenu | 13 | |
| Enter hero's abilities submenu | 7 | |
| Right click | 763 | |
| Select / deselect | 180 | |
| Select group hotkey | 610 | |
| Use ability | 48 | |
1730 total
» units
| Peon | 9 | |
| Grunt | 4 | |
| Raider | 4 | |
| Forest Troll Shadow Priest | 1 | |
| Spirit Walker | 2 | |
20 total
» upgrades
| Berserker Strength | 1 | |
| Ensnare | 1 | |
| Spirit Walker Training | 1 | |
| Melee Weapons | 1 | |
| Armor | 1 | |
5 total
» buildings
| Altar of Storms | 1 | |
| Orc Burrow | 4 | |
| Barracks | 1 | |
| Stronghold | 1 | |
| Voodoo Lounge | 1 | |
| Beastiary | 1 | |
| Spirit Lodge | 1 | |
| War Mill | 1 | |
11 total
» build order
00:07 Altar of Storms
00:16 Orc Burrow
00:40 Barracks
02:01 Orc Burrow
02:33 Stronghold
03:02 Voodoo Lounge
03:43 Orc Burrow
04:27 Orc Burrow
05:14 Beastiary
05:58 Spirit Lodge
07:42 War Mill
» items
| Lesser Clarity Potion | 1 | |
| Healing Salve | 1 | |
2 total
team 2 (loser)
tequila-zombie (
yellow | 95 APM | 1051 actions | 11:03)
3 Death Knight
2 Death Coil
1 Unholy Aura
2 Dreadlord
1 Sleep
1 Vampiric Aura
» actions
| Assign group hotkey | 70 | |
| Basic commands | 15 | |
| Build / train | 34 | |
| ESC pressed | 1 | |
| Enter build submenu | 10 | |
| Enter hero's abilities submenu | 6 | |
| Right click | 556 | |
| Select / deselect | 153 | |
| Select group hotkey | 163 | |
| Use ability | 43 | |
1051 total
» units
| Acolyte | 6 | |
| Ghoul | 2 | |
| Crypt Fiend | 6 | |
14 total
» upgrades
» buildings
| Altar of Darkness | 1 | |
| Ziggurat | 5 | |
| Crypt | 1 | |
| Tomb of Relics | 1 | |
| Graveyard | 1 | |
| Nerubian Tower | 1 | |
| Halls of the Dead | 1 | |
| Black Citadel | 1 | |
| Slaughterhouse | 1 | |
13 total
» build order
00:04 Altar of Darkness
00:05 Ziggurat
00:33 Crypt
00:57 Tomb of Relics
01:19 Graveyard
01:42 Nerubian Tower
02:29 Ziggurat
03:07 Halls of the Dead
05:17 Ziggurat
05:38 Ziggurat
06:41 Black Citadel
07:18 Ziggurat
07:19 Slaughterhouse
» items
| Rod of Necromancy | 2 | |
| Dust of Appearance | 1 | |
| Boots of Speed | 1 | |
| Potion of Healing | 1 | |
| Scroll of Town Portal | 1 | |
6 total
UED-Ghost (
pink | 69 APM | 769 actions | 11:08)
2 Archmage
1 Summon Water Elemental
1 Brilliance Aura
1 Firelord
1 Summon Lava Spawn
» actions
| Assign group hotkey | 12 | |
| Basic commands | 1 | |
| Build / train | 35 | |
| Enter build submenu | 14 | |
| Enter hero's abilities submenu | 3 | |
| Give item / drop item | 2 | |
| Right click | 334 | |
| Select / deselect | 238 | |
| Select group hotkey | 94 | |
| Use ability | 36 | |
769 total
» units
| Peasant | 12 | |
| Footman | 5 | |
| Sorceress | 2 | |
| Mortar Team | 2 | |
| Rifleman | 1 | |
22 total
» buildings
| Altar of Kings | 1 | |
| Barracks | 1 | |
| Farm | 7 | |
| Scout Tower | 1 | |
| Arcane Tower | 1 | |
| Keep | 1 | |
| Blacksmith | 1 | |
| Arcane Vault | 1 | |
| Arcane Sanctum | 1 | |
| Workshop | 1 | |
16 total
» build order
00:08 Altar of Kings
00:28 Barracks
00:38 Farm
01:08 Scout Tower
01:44 Farm
02:11 Arcane Tower
02:24 Farm
02:38 Farm
02:39 Farm
04:04 Keep
04:17 Farm
05:17 Farm
05:26 Blacksmith
05:34 Arcane Vault
07:26 Arcane Sanctum
07:29 Workshop
» items
| Staff of Teleportation | 2 | |
| Boots of Speed | 2 | |
| Dust of Appearance | 1 | |
5 total
Chat log
(00:48 / Allies) TIMG4STRok: wanna play this like its a solo
(00:51 / Allies) Rush[yyz]: k
(00:59 / Allies) Rush[yyz]: i think its easy win
(01:04 / Allies) TIMG4STRok: are they bad
(01:13 / Allies) Rush[yyz]: i think ive played ud
(01:14 / Allies) Rush[yyz]: in solo
(01:26 / Allies) TIMG4STRok: 52-40 solo
(01:27 / Allies) TIMG4STRok: thats bad
(01:50 / Allies) Rush[yyz]: ud is ghoul
(01:53 / Allies) TIMG4STRok: i got hu on my side
(02:02 / Allies) TIMG4STRok: lmao
(02:02 / Allies) TIMG4STRok: gg
(02:07 / Allies) TIMG4STRok: i forgot my second burrow
(02:09 / Allies) TIMG4STRok: until right now
(02:20 / Allies) TIMG4STRok: ill tech early
(03:40 / All) tequila-zombie: im gonna get you sucka
(03:45 / All) tequila-zombie: seen it ?
(04:46 / Allies) TIMG4STRok: dk bought boots
(04:46 / Allies) TIMG4STRok: lmao
(05:02 / Allies) Rush[yyz]: creep
(05:21 / Allies) Rush[yyz]: oh no they got boots
(06:07 / Allies) Rush[yyz]: lmao
(06:09 / Allies) Rush[yyz]: i bought circlet
(06:10 / Allies) Rush[yyz]: on you
(06:12 / Allies) Rush[yyz]: ;o
(06:13 / Allies) TIMG4STRok: sweet
(08:04 / Allies) Rush[yyz]: ahg
(09:35 / Allies) TIMG4STRok: ownage
(09:41 / Allies) Rush[yyz]: p00nly